 Dungeon Crawl Stone Soup version 0.24-a0-201-gf205589 (webtiles) character file.

Game seed: 9138917905012415294

7494 Borgoz the Cutter (level 11, -5/64 HPs)
             Began as a Gargoyle Gladiator on Mar 25, 2019.
             Was a Follower of Ashenzari.
             Slain by a five-headed hydra (9 damage)
             ... on level 1 of the Lair of Beasts.
             The game lasted 00:32:06 (11097 turns).

Borgoz the Cutter (Gargoyle Gladiator)             Turns: 11097, Time: 00:32:07

Health: -5/64      AC: 20    Str: 17    XL:     11   Next: 16%
Magic:  26/26      EV: 15    Int: 14    God:    Ashenzari [*.....]
Gold:   430        SH:  0    Dex: 13    Spells: 17/18 levels left

rFire    . . .     SeeInvis .   a - +0 rapier
rCold    . . .     Gourm    +   (no shield)
rNeg     + + .     Faith    .   E - +1 leather armour of Space {rElec rN+} (curse)
rPois    ∞         Spirit   .   e - +2 hat
rElec    +         Reflect  .   u - +0 cloak
rCorr    .         Harm     .   k - +2 pair of gloves
MR       .....                  q - +0 pair of boots
Stlth    +++.......             y - amulet of the gourmand
HPRegen  0.20/turn              t - +3 ring of intelligence
MPRegen  0.20/turn              g - ring of magical power

@: confusing touch
A: negative energy resistance 1, electricity resistance, unbreathing,
petrification resistance, rot immunity, AC +8
a: Curse Item, Scrying, Renounce Religion


You were on level 1 of the Lair of Beasts.
You worshipped Ashenzari.
Ashenzari was aware of your devotion.
You were full.

You visited 3 branches of the dungeon, and saw 12 of its levels.

You collected 782 gold pieces.
You spent 352 gold pieces at shops.

Inventory:

Hand Weapons
 a - a +0 rapier (weapon)
 v - a +1 dagger of chaos
Missiles
 d - 4 throwing nets (quivered)
 C - 7 tomahawks
Armour
 e - a +2 hat (worn)
 k - a +2 pair of gloves (worn)
 q - a +0 pair of boots (worn)
 r - a +0 ring mail of cold resistance
 u - a +0 cloak (worn)
 E - the cursed +1 leather armour of Space (worn) {rElec rN+}
   (You found it on level 6 of the Dungeon)

   It insulates you from electricity.
   It protects you from negative energy.
   It has a curse placed upon it.
Jewellery
 g - a ring of magical power (right hand)
 s - an uncursed ring of protection from cold
 t - a +3 ring of intelligence (left hand)
 y - an amulet of the gourmand (around neck)
Wands
 B - a wand of polymorph (3)
 F - a wand of disintegration (3)
Scrolls
 c - 4 scrolls of remove curse
 h - a scroll of acquirement
 l - 3 scrolls of enchant weapon
 m - a scroll of amnesia
 w - 4 scrolls of teleportation
 z - a scroll of enchant armour
Potions
 b - 2 potions of might
 i - a potion of cancellation
 j - a potion of haste
 o - a potion of heal wounds
 p - 3 potions of mutation
 x - 2 potions of ambrosia
 A - a potion of brilliance
 D - 2 potions of agility
 G - 2 potions of resistance
Comestibles
 f - 22 rations


   Skills:
 + Level 6.0 Fighting
 * Level 7.2 Short Blades
 + Level 4.9 Throwing
 + Level 5.4 Armour
 * Level 6.6 Dodging
 + Level 6.1 Stealth
 + Level 4.4 Spellcasting
 * Level 5.4 Hexes
 + Level 2.7 Evocations


You had 17 spell levels left.
You knew the following spells:

 Your Spells              Type           Power        Failure   Level  Hunger
a - Confusing Touch       Hex            ###...       2%          1    None

Your spell library contained the following spells:

 Spells                   Type           Power        Failure   Level  Hunger
 Animate Skeleton         Necr           N/A          22%         1    None
 Apportation              Tloc           #.....       22%         1    None
 Flame Tongue             Conj/Fire      #....        22%         1    None
 Magic Dart               Conj           #...         22%         1    None
 Summon Small Mammal      Summ           #...         22%         1    None
 Dazzling Spray           Conj/Hex       ##....       22%         3    ###....
 Inner Flame              Hex/Fire       ##......     22%         3    ###....
 Searing Ray              Conj           #.....       32%         2    ##.....
 Throw Flame              Conj/Fire      #.....       32%         2    ##.....
 Conjure Flame            Conj/Fire      #.......     54%         3    ###....
 Fulminant Prism          Conj/Hex       ##........   58%         4    ####...
 Force Lance              Conj/Tloc      #.......     91%         4    ####...
 Iskenderun's Mystic Bla  Conj           #.......     91%         4    ####...
 Sticky Flame             Conj/Fire      #.......     91%         4    ####...
 Fireball                 Conj/Fire      #.........   99%         5    ######.


Dungeon Overview and Level Annotations

Branches:
Dungeon (9/15)             Temple (1/1) D:7            Lair (2/6) D:9
    Orc (0/2) D:9
  Swamp: Lair:2-4    Shoals: Lair:2-4     Snake: Lair:2-4    Spider: Lair:2-4

Altars:
Ashenzari
Cheibriados
Dithmenos
Elyvilon
Fedhas
Gozag
Hepliaklqana
Kikubaaqudgha
Makhleb
Nemelex Xobeh
Okawaru
Qazlal
Ru
Sif Muna
Trog
Uskayaw
Vehumet
Wu Jian
Xom
Yredelemnul
Zin
The Shining One

Shops:
D:5 !(!:   D:8 [


Innate Abilities, Weirdness & Mutations

You are resistant to torment.
Your stone body is resilient. (AC +8)
You are immune to poison.
You resist negative energy. (rN+)
You are resistant to electric shocks. (rElec)
You can survive without breathing.
You are immune to petrification.
You are immune to rotting.


Message History

The five-headed hydra completely misses you.
The five-headed hydra bites you but does no damage. x2
You hit the five-headed hydra but do no damage.
The five-headed hydra is heavily wounded.
The five-headed hydra bites you but does no damage.
The five-headed hydra closely misses you.
The five-headed hydra bites you but does no damage.
The five-headed hydra barely misses you.
The five-headed hydra bites you but does no damage.
You completely miss the five-headed hydra.
The five-headed hydra is heavily wounded.
Unknown command.
You hit the five-headed hydra but do no damage.
The five-headed hydra is heavily wounded.
The five-headed hydra bites you but does no damage.
The five-headed hydra bites you!
* * * LOW HITPOINT WARNING * * *
The five-headed hydra bites you but does no damage.
The five-headed hydra bites you!
You die...

.......... ....# #.#
................ ##.##
...#...........# +...#
...............# #...#
...#... #.....# ##.##
...#.####......# #.##
...............#########..#
........†.................#
................@........##
................D........#
.........................#
................#.###.#..#
.#..#.####.#....#.#####..#
................#....'...#
.#.........#...##....#...#
.#.........#...P#....##..#
...........#...P#....##..#


You could see a five-headed hydra.

Vanquished Creatures
  Psyche (D:8)
  Joseph (D:7)
  A spiny frog (Lair:1)
  A troll (D:9)
  A merfolk (D:9)
  2 hippogriffs (D:9)
  3 yaks (D:9)
  3 basilisks
  The ghost of Thaneod the Chopper, an amateur GrAM (D:4)
  2 porcupines (D:9)
  3 water moccasins
  4 orc warriors
  An ice beast (D:7)
  2 ogres
  3 centaurs
  3 phantoms
  5 crocodiles
  8 bullfrogs
  A wyvern zombie (D:9)
  2 scorpions (D:9)
  8 wights
  15 killer bees
  A howler monkey (D:4)
  4 crimson imps
  2 bullfrog zombies
  A quasit (D:9)
  4 hounds
  8 orc wizards
  2 orc priests
  A jelly (D:5)
  3 iguanas
  6 worker ants
  A killer bee zombie (D:6)
  A hound skeleton (D:4)
  4 gnolls
  11 adders
  A shadow imp (D:9)
  4 worms
  A dart slug (D:1)
  4 leopard geckos
  14 orcs
  2 ball pythons
  7 bats
  6 giant cockroaches
  3 goblins (D:2)
  4 hobgoblins
  6 jackals
  9 kobolds
  4 quokkas
  5 frilled lizards
  2 leopard gecko zombies (D:5)
  2 quokka skeletons
  6 rats
200 creatures vanquished.

Vanquished Creatures (others)
  2 fungi (D:9)
  4 plants (D:9)
6 creatures vanquished.

Grand Total: 206 creatures vanquished

Notes
Turn   | Place    | Note
-------+----------+-------------------------------------------
     0 | D:1      | Borgoz the Gargoyle Gladiator began the quest for the Orb.
     0 | D:1      | Reached XP level 1. HP: 12/12 MP: 1/1
   274 | D:1      | Reached XP level 2. HP: 17/17 MP: 2/2
   407 | D:1      | Reached skill level 3 in Short Blades
   899 | D:2      | Reached XP level 3. HP: 22/22 MP: 3/3
  1394 | D:2      | Reached skill level 1 in Stealth
  1487 | D:2      | Reached XP level 4. HP: 27/27 MP: 4/4
  1512 | D:2      | Reached skill level 1 in Armour
  2785 | D:4      | Found a large runed translucent door.
  2785 | D:4      | Found a large runed translucent door.
  2786 | D:4      | Noticed Thaneod's ghost (amateur GrAM)
  2841 | D:4      | Reached skill level 1 in Spellcasting
  2857 | D:4      | Reached XP level 5. HP: 28/32 MP: 6/6
  2954 | D:4      | Noticed a phantom
  3006 | D:4      | Killed a phantom
  3274 | D:4      | Reached XP level 6. HP: 27/37 MP: 6/8
  3735 | D:4      | Killed Thaneod's ghost
  3735 | D:4      | Reached skill level 4 in Short Blades
  3758 | D:5      | Entered Level 5 of the Dungeon
  3758 | D:5      | Found Plog's Book Emporium.
  3776 | D:5      | Reached XP level 7. HP: 31/41 MP: 9/9
  3802 | D:5      | Bought a book of Cantrips for 240 gold pieces
  3804 | D:5      | Learned a level 1 spell: Confusing Touch
  3999 | D:5      | Found Panwet's Distillery.
  4036 | D:5      | Bought a potion of ambrosia for 112 gold pieces
  4090 | D:5      | Found Rarilet's Weapon Shop.
  4114 | D:5      | Found Misk's Distillery.
  4406 | D:6      | Reached skill level 1 in Hexes
  4420 | D:6      | Reached XP level 8. HP: 48/48 MP: 11/11
  4823 | D:6      | Got a translucent leather armour
  4918 | D:6      | Identified the cursed +1 leather armour of Space {rElec
                  | rN+} (You found it on level 6 of the Dungeon)
  5198 | D:7      | Found a staircase to the Ecumenical Temple.
  5202 | D:7      | Reached skill level 5 in Short Blades
  5213 | D:7      | Noticed Joseph
  5274 | D:7      | Killed Joseph
  5274 | D:7      | Reached XP level 9. HP: 29/52 MP: 13/13
  5507 | Temple   | Entered the Ecumenical Temple
  5591 | Temple   | Became a worshipper of Ashenzari the Shackled
  5713 | D:7      | Reached skill level 5 in Dodging
  6215 | D:6      | Found a basalt altar of Yredelemnul.
  6833 | D:8      | Reached skill level 6 in Short Blades
  7160 | D:8      | Reached skill level 5 in Fighting
  7160 | D:8      | Reached skill level 1 in Evocations
  7361 | D:8      | Noticed Psyche
  7382 | D:8      | Killed Psyche
  7382 | D:8      | Reached skill level 5 in Stealth
  7382 | D:8      | Reached XP level 10. HP: 41/59 MP: 15/15
  7654 | D:8      | Found Tefaf's Armour Shop.
  8009 | D:9      | Identified a scroll of acquirement
  9112 | D:9      | Found a staircase to the Lair.
  9128 | D:9      | Reached skill level 5 in Armour
  9165 | D:9      | Reached skill level 5 in Hexes
  9387 | D:9      | Reached skill level 7 in Short Blades
  9419 | D:9      | Found a glowing silver altar of Zin.
  9772 | D:9      | Reached XP level 11. HP: 51/64 MP: 17/17
  9841 | D:9      | Found a staircase to the Orcish Mines.
  9950 | Lair:1   | Entered Level 1 of the Lair of Beasts
 10332 | Lair:1   | Reached * piety under Ashenzari
 10474 | Lair:1   | Noticed a five-headed hydra
 11097 | Lair:1   | Slain by a five-headed hydra

Levels and vault maps discovered:
D:1:      minmay_arrival_solitary_statue, layout_basic, nrook_campfire
D:2:      layout_loops_corners
D:3:      layout_basic, kennysheep_generic_room_3
D:4:      layout_layer_cave, first_ration, ebering_ghost_disaster_area
D:5:      layout_rooms, serial_shops, shop, shop, nicolae_shop_crystal,
          shop_coins
D:6:      lemuel_upstairs_altar, layout_cave_pools
D:7:      layout_basic, minmay_temple_entry_waves, uniq_joseph
D:8:      layout_basic, serial_shops, nicolae_shop_behind_doors, uniq_psyche
D:9:      layout_basic, old_standard_altar, minmay_lair_entry_grove,
          david_orc_4, hangedman_fish_farm, chequers_jeans
Temple:   dpeg_three_leaves_temple
Lair:1:   layout_regular_city
Lair:2:   layout_chaotic_city, palyth_hydra_swamp_entry, minivault_24,
          minmay_lair_oklob_chamber, grunt_megastairs_5

Skill      XL: |  1  2  3  4  5  6  7  8  9 10 11 |
---------------+----------------------------------+-----
Short Blades   | 3 4 5 6 7 |  7.2
Throwing       | 2 3 4 |  4.9
Stealth        | 1 2 3 4 5 6 |  6.1
Armour         | 1 2 3 4 5 |  5.4
Dodging        | 3 4 5 6 |  6.6
Spellcasting   | 1 2 3 4 |  4.4
Fighting       | 3 4 5 6 |  6.0
Hexes          | 1 2 4 5 |  5.4
Evocations     | 1 2 |  2.7

Action                   |  1- 3 |  4- 6 |  7- 9 | 10-12 || total
-------------------------+-------+-------+-------+-------++-------
Melee: Rapier            |   118 |   161 |   594 |   598 ||  1471
 Cast: Confusing Touch   |       |       |     8 |    22 ||    30
Evoke: Wand              |       |       |       |     6 ||     6
  Use: Scroll            |       |     5 |    12 |     4 ||    21
       Potion            |       |     1 |     1 |     5 ||     7
 Stab: Sleeping          |     1 |       |     5 |     5 ||    11
       Confused          |       |       |     6 |    17 ||    23
  Eat: Chunk             |     2 |     6 |    22 |    10 ||    40
Armor: Leather armour    |    36 |       |   193 |   288 ||   517
       Ring mail         |    26 |    61 |   121 |       ||   208
Dodge: Dodged            |    70 |    89 |   461 |   404 ||  1024

Table legend:
 A = Non-vault XP
 B = Vault XP
 C = Vault XP percentage of total XP
 D = Non-vault monster count
 E = Vault monster count
 F = Vault count percentage of total count
                 A         B        C        D         E       F
            +---------+---------+-------+---------+---------+-------
      Total |    6861 |    3845 |  35.9 |     166 |      34 |  17.0
            +---------+---------+-------+---------+---------+-------
        D:1 |      27 |       0 |   0.0 |      14 |       0 |   0.0
        D:2 |      68 |       0 |   0.0 |      23 |       0 |   0.0
        D:3 |      39 |       2 |   4.9 |      11 |       1 |   8.3
        D:4 |     273 |     160 |  37.0 |      12 |       1 |   7.7
        D:5 |     663 |       0 |   0.0 |      19 |       0 |   0.0
        D:6 |     617 |       0 |   0.0 |      16 |       0 |   0.0
        D:7 |    1071 |     445 |  29.4 |      17 |       1 |   5.6
        D:8 |     977 |     585 |  37.5 |      19 |       2 |   9.5
        D:9 |    1849 |    2653 |  58.9 |      27 |      29 |  51.8
     Lair:1 |    1277 |       0 |   0.0 |       8 |       0 |   0.0
            +---------+---------+-------+---------+---------+-------
